 Dungeon Crawl Stone Soup version 0.28.0-53-g5a82cb258f (webtiles) character file.

Game seed: 18414246476870371091

600 Zeld the Skirmisher (level 7, -12/64 HPs)
             Began as a Minotaur Berserker on May 23, 2022.
             Was a Believer of Trog.
             Mangled by Prince Ribbit (18 damage)
             ... while paralysed by Grinder
             ... on level 5 of the Dungeon.
             The game lasted 00:04:56 (5742 turns).

Zeld the Skirmisher (Minotaur Berserker)            Turns: 5742, Time: 00:04:56

Health: -12/64     AC:  4    Str: 23    XL:     7   Next: 18%
Magic:  6/6        EV:  2    Int:  4    God:    Trog [**....]
Gold:   3          SH:  0    Dex: 10    Spells: 6/6 levels left

rFire   . . .      SeeInvis .   a - +0 war axe (flame)
rCold   . . .      Faith    .   m - +0 tower shield
rNeg    . . .      Spirit   .   b - +0 animal skin
rPois   .          Reflect  .   (helmet restricted)
rElec   .          Harm     .   j - +0 cloak
rCorr   .          Rampage  .   d - +0 pair of gloves
Will    .....                   (no boots)
Stlth   +.........              (no amulet)
HPRegen 0.20/turn               (no ring)
MPRegen 0.10/turn               (no ring)

@: paralysed
A: horns 2, retaliatory headbutt
a: Renounce Religion, Berserk, Trog's Hand


You were on level 5 of the Dungeon.
You worshipped Trog.
Trog was pleased with you.
You visited 1 branch of the dungeon, and saw 6 of its levels.
You also visited: Sewer.

You collected 146 gold pieces.
You spent 143 gold pieces at shops.

Inventory:

Hand Weapons
 a - a +0 war axe of flaming (weapon)
Armour
 b - a +0 animal skin (worn)
 d - a +0 pair of gloves (worn)
 j - a +0 cloak (worn)
 m - a +0 tower shield (worn)
Wands
 p - a wand of acid (4)
 u - a wand of paralysis (9)
Scrolls
 g - a scroll of enchant weapon {unknown}
 h - 3 scrolls of teleportation
 i - a scroll of brand weapon
 k - 2 scrolls of fear
 r - a scroll of blinking {unknown}
Potions
 c - a potion of mutation {unknown}
 e - a potion of magic {unknown}
 f - a potion of heal wounds {unknown}
 l - a potion of brilliance {unknown}
 o - 2 potions of attraction {unknown}
 q - 2 potions of berserk rage
 s - a potion of haste {unknown}
 t - 3 potions of curing
 v - a potion of invisibility {unknown}


   Skills:
 * Level 6.8 Fighting
 * Level 6.8 Axes
 - Level 3.0 Armour
 + Level 4.2 Dodging


You had 6 spell levels left.
You didn't know any spells.
Your spell library was empty.

Dungeon Overview and Level Annotations

Branches:
Dungeon (6/15)             Temple (0/1) D:5           Sewer (visited)

Altars:
Cheibriados

Shops:
D:2 !(?(

Annotations:
D:4 3 runed translucent doors, fictitious's ghost, amateur KoBr
D:5 Grinder; Prince Ribbit


Innate Abilities, Weirdness & Mutations

You have a pair of horns on your head.
You reflexively headbutt those who attack you in melee.


Message History

You slash Grinder! You burn Grinder. Your headbutt misses Grinder.
Grinder is heavily wounded.
You block Grinder's attack.
Prince Ribbit hits you but does no damage.
Grinder closely misses you. Prince Ribbit barely misses you.
You furiously retaliate!
You headbutt Prince Ribbit. You hit Grinder. You burn Grinder.
Your headbutt misses Grinder.
Grinder is severely wounded.
You barely miss Prince Ribbit. You block Prince Ribbit's attack.
Grinder hits you but does no damage.
Prince Ribbit catches a blue-tailed skink with his tongue.
Prince Ribbit hits you.
You hit Grinder. You burn Grinder.
Grinder is severely wounded.
You slash Prince Ribbit! You burn Prince Ribbit.
Prince Ribbit hops awkwardly around.
Prince Ribbit hits you. Grinder hits you!
You writhe in agony.
Prince Ribbit hits you! Grinder gestures at you.
You resist with significant effort.
Unknown command.
You barely miss Grinder. Your headbutt misses Grinder.
Grinder is severely wounded.
You hit Prince Ribbit. You burn Prince Ribbit. Prince Ribbit hits you.
Grinder completely misses you. Prince Ribbit hits you!
* * * LOW HITPOINT WARNING * * *
Grinder closely misses you.
Unknown command.
Unknown command.
You closely miss Grinder. You headbutt Grinder!
Grinder is almost dead.
You miss Prince Ribbit. Prince Ribbit hits you.
* * * LOW HITPOINT WARNING * * *
Prince Ribbit hits you.
* * * LOW HITPOINT WARNING * * *
Grinder gestures at you.
You suddenly lose the ability to move!
Prince Ribbit hits you.
* * * LOW HITPOINT WARNING * * *
Grinder barely misses you. Prince Ribbit hits you!!
You die...

.. #..# ..#
#..# .... ...#
..#.##..#
.......<.
........##
#...F5.# #@.#
#..# #..# #..#
#..############
#.>##.........#
#..##.###+###.#
#.....#.....#.#
#.###.#.⌠.⌠.#.#


You could see Prince Ribbit and Grinder.

Vanquished Creatures
  Sigmund (D:4)
  Pargi (Sewer)
  A black bear (D:5)
  A scorpion (D:4)
  A hound (D:4)
  An iguana (D:4)
  4 gnolls
  4 adders
  An adder skeleton (D:4)
  5 dart slugs
  5 orcs
  7 bats
  6 endoplasms
  4 giant cockroaches
  3 goblins
  8 hobgoblins
  10 kobolds
  6 ball pythons
  5 frilled lizards
  9 rats
83 creatures vanquished.

Notes
Turn   | Place    | Note
-------+----------+-------------------------------------------
     0 | D:1      | Zeld the Minotaur Berserker began the quest for the Orb.
     0 | D:1      | Reached XP level 1. HP: 19/19 MP: 0/0
   278 | D:1      | Reached XP level 2. HP: 27/27 MP: 1/1
   661 | D:1      | Reached XP level 3. HP: 32/33 MP: 2/2
   688 | D:1      | Reached ** piety under Trog
  1068 | D:1      | Found a faded altar of an unknown god.
  1163 | D:2      | Found Wataazxi's Magic Scroll Shoppe.
  1228 | D:2      | Found Tiquceirph's Weapon Shop.
  1249 | D:2      | Found Piplick's Weapon Shoppe.
  1385 | D:2      | Bought a scroll of identify for 22 gold pieces
  1650 | D:2      | Found Dauneps's Distillery.
  2422 | D:3      | Reached XP level 4. HP: 41/41 MP: 3/3
  3071 | D:4      | Noticed Sigmund
  3082 | D:4      | Killed Sigmund
  3083 | D:4      | Reached skill level 5 in Fighting
  3083 | D:4      | Reached skill level 5 in Axes
  3083 | D:4      | Reached XP level 5. HP: 32/49 MP: 4/4
  3990 | D:4      | Reached XP level 6. HP: 47/57 MP: 5/5
  4388 | D:4      | Found a runed translucent gate.
  4388 | D:4      | Found a runed translucent gate.
  4389 | D:4      | Found a runed translucent gate.
  4523 | D:4      | Noticed fictitious's ghost (amateur KoBr)
  4553 | D:4      | Found a snail-covered altar of Cheibriados.
  4897 | D:2      | Bought a potion of berserk rage for 55 gold pieces
  4897 | D:2      | Bought a potion of curing for 33 gold pieces
  4897 | D:2      | Bought a potion of curing for 33 gold pieces
  4971 | D:5      | Entered Level 5 of the Dungeon
  5001 | D:5      | Found a staircase to the Ecumenical Temple.
  5132 | D:6      | Found a glowing drain.
  5146 | Sewer    | Entered a sewer
  5197 | Sewer    | Noticed Pargi
  5205 | Sewer    | Killed Pargi
  5206 | Sewer    | Reached XP level 7. HP: 40/64 MP: 6/6
  5732 | D:5      | Noticed Grinder
  5734 | D:5      | Noticed Prince Ribbit
  5741 | D:5      | Paralysed by Grinder for 3 turns
  5742 | D:5      | Mangled by Prince Ribbit

Illustrated notes

Levels and vault maps discovered:
D:1:      evilmike_arrival_plus, layout_loops_ring,
          shapermc_ecumenical_altar_totnotflames
D:2:      layout_loops_ring, serial_shops, shop_statue, shop,
          nicolae_shop_behind_doors, shop_fountains, minmay_hexomino_f4
D:3:      layout_loops_corners, dk_noncrumbling_3
D:4:      layout_basic, kennysheep_slug_shrine, gammafunk_ghost_split,
          grunt_ministairs_11, kennysheep_generic_room_4, uniq_sigmund
D:5:      layout_loops_ring, minmay_temple_entry_hall, uniq_grinder,
          uniq_prince_ribbit1
D:6:      layout_basic, hangedman_ru_absence, cheibrodos_sewer_entry_sluice,
          minivault_11, minmay_fountain_box, dk_noncrumbling_2,
          corexii_leaking_fountain, kennysheep_small_circle

Skill      XL: |  1  2  3  4  5  6 |
---------------+-------------------+-----
Fighting       | 4 5 6 |  6.8
Axes           | 4 5 6 |  6.8
Armour         | 3 |  3.0
Dodging        | 3 4 |  4.2

Action                   |  1- 3 |  4- 6 |  7- 9 || total
-------------------------+-------+-------+-------++-------
Melee: Hand axe          |    90 |    69 |       ||   159
       Headbutt          |    15 |     9 |     2 ||    26
       Punch             |     1 |       |       ||     1
       War axe           |       |    24 |    13 ||    37
  Use: Scroll            |       |     5 |       ||     5
Armor: Animal skin       |    17 |    27 |     5 ||    49
Dodge: Dodged            |    66 |    66 |     8 ||   140
Block: Tower shield      |       |    72 |     6 ||    78
